Map: Sequencer LE

Players

Jason

  • Race: Terran Terran
  • League: Master
  • Spawn Location: 1:00

Sesh - Winner!

  • Race: Terran Terran
  • League: Master
  • Spawn Location: 7:00

VOD

Have the link to the VOD?

Description

Time

  • Played on: May 4, 2017, 8:33 p.m.
  • Length: 11:32
Show
View Real Time Build Order
Export as new Build Order

Jason Terran 

Build Orders: Reaper Expand, Bio Tank 

Get SALT Encoding   

  12  0:02  SCV  
  13  0:15  SCV  
  13  0:19  Supply Depot  
  14  0:27  SCV  
  15  0:32  Refinery  
  15  0:40  SCV  
  16  0:49  Barracks  
  16  0:53  SCV  
  17  1:05  SCV  
  18  1:17  SCV  
  19  1:36  Orbital Command  
  19  1:37  Reaper  
  20  1:47  Command Center  
  20  1:59  Factory  
  20  2:03  SCV  
  21  2:09  Barracks Reactor  
  21  2:12  Supply Depot  
  21  2:16  SCV  
  22  2:23  Refinery  
  22  2:28  SCV  
  23  2:40  SCV  
  24  2:47  Marine x2  
  24  2:50  Hellion, Starport  
  28  2:54  SCV  
  29  3:00  Orbital Command  
  29  3:06  Marine x2  
  29  3:11  SCV  
  32  3:14  Cyclone  
  35  3:23  SCV  
  36  3:27  Marine x2, Medivac  
  36  3:29  SCV  
  41  3:35  Supply Depot  
  41  3:39  SCV  
  42  3:41  SCV  
  42  3:46  Cyclone  
  46  3:56  Marine x2, SCV, Supply Depot  
  46  3:57  SCV  
  50  4:05  Viking  
  50  4:08  SCV  
  53  4:13  SCV  
  54  4:25  SCV  
  54  4:27  Marine x2, Factory Tech Lab  
  54  4:28  SCV  
  54  4:31  Barracks  
  53  4:33  Barracks  
  53  4:38  SCV  
  54  4:39  Starport Reactor  
  54  4:41  SCV  
  54  4:44  Supply Depot  
  55  4:46  Siege Tank  
  55  4:47  Marine x2  
  55  4:51  SCV  
  61  4:54  SCV  
  61  4:55  Refinery  
  61  4:56  Refinery  
  62  5:05  SCV  
  62  5:06  SCV  
  64  5:09  Supply Depot  
  58  5:27  SCV x2  
  59  5:30  Marine x2  
  59  5:32  Medivac x2  
  65  5:36  Barracks  
  65  5:39  SCV  
  65  5:40  Barracks Tech Lab  
  65  5:41  SCV  
  67  5:43  Barracks Tech Lab  
  67  5:45  Barracks  
  67  5:51  SCV  
  67  5:54  Marine, SCV  
  67  5:55  Marine  
  67  5:56  Siege Tank  
  74  6:02  Marine x2  
  74  6:03  SCV  
  74  6:04  Stimpack  
  77  6:06  SCV  
  78  6:17  Supply Depot x2  
  78  6:19  Marine  
  78  6:20  SCV x2  
  78  6:24  Engineering Bay  
  81  6:25  Combat Shields  
  81  6:26  Engineering Bay  
  81  6:27  Barracks Reactor  
  81  6:28  Siege Tank  
  81  6:32  SCV  
  85  6:35  Marine  
  85  6:38  Marine x3  
  89  6:40  Supply Depot  
  89  6:42  SCV, Supply Depot  
  89  6:44  Marine, SCV  
  92  6:50  Terran Infantry Weapons Level 1  
  92  6:52  Marine, Terran Infantry Armor Level 1  
  93  6:58  Marine  
  94  7:02  Marine x3  
  94  7:05  Supply Depot  
  94  7:08  Siege Tank  
  100  7:12  Marine  
  97  7:16  Marine  
  97  7:18  Marine  
  97  7:20  Marine  
  98  7:29  SCV x2  
  98  7:30  Marine  
  98  7:34  Marine x2, Marauder  
  98  7:36  Marine  
  104  7:38  Marauder  
  104  7:39  Marine, Supply Depot  
  104  7:40  Supply Depot  
  107  7:49  Siege Tank  
  107  7:51  Concussive Shells  
  109  7:56  SCV  
  109  7:57  Marine x2  
  109  7:58  Marine  
  113  8:01  Marine  
  113  8:02  Marine  
  113  8:03  Medivac  
  113  8:04  Medivac  
  113  8:05  Marine x2  
  121  8:15  Marine x2  
  121  8:16  Marine  
  121  8:19  Marine x2  
  119  8:23  Marine x2  
  120  8:33  Marine x2, Medivac  
  120  8:34  Marine, Siege Tank, Medivac  
  113  8:37  Marine x2  
  113  8:41  Marine, Supply Depot  
  121  8:43  Supply Depot  
  121  8:44  Armory  
  121  8:51  Marine  
  121  9:00  Marine  
  121  9:01  Marine  
  121  9:02  Marine x2  
  125  9:07  Siege Tank  
  126  9:14  Marine x3  
  122  9:17  Medivac  
  122  9:18  Marine  
  122  9:19  Marine  
  122  9:20  Marine x2  
  128  9:32  Marine x3  
  128  9:35  Marine  
  128  9:37  Marine  
  133  9:39  Siege Tank  
  133  9:40  Marine  
  137  9:46  Medivac  
  137  9:47  Medivac  
  137  9:48  Marine  
  137  9:50  Marine x2  
  137  9:51  Marine  
  144  9:53  Marine  
  123  10:08  Marine  
  123  10:09  Marine x2  
  123  10:11  Siege Tank  
  126  10:18  Marine  
  126  10:20  Marine  
  119  10:25  Marine x2  
  119  10:26  Marine  
  119  10:27  Marine x2  
  118  10:31  Command Center  
  118  10:36  Marine  
  118  10:37  Marine  
  118  10:42  Widow Mine  
  120  10:44  Marine  
  120  10:45  Marine  
  120  10:49  Marine  
  85  11:06  Marine x2  
  85  11:07  Marine  
  85  11:08  Marine x2  
  85  11:10  SCV  
Show
View Real Time Build Order
Export as new Build Order

Sesh Terran - Winner!

Build Orders: Cyclone Opening, Reaper Expand, Bio Tank 

Get SALT Encoding   

  12  0:00  SCV  
  13  0:13  SCV  
  14  0:17  Supply Depot  
  14  0:25  SCV  
  15  0:30  Refinery  
  15  0:38  SCV  
  16  0:46  Barracks  
  16  0:50  SCV  
  17  1:03  SCV  
  18  1:16  SCV  
  19  1:34  Orbital Command, Reaper  
  20  1:44  Command Center  
  20  1:55  Factory  
  20  2:00  SCV  
  21  2:04  Refinery  
  21  2:08  Barracks Reactor  
  21  2:12  SCV  
  22  2:16  Supply Depot  
  22  2:24  SCV  
  23  2:37  SCV  
  23  2:41  Cyclone  
  27  2:44  Marine x2  
  27  2:50  SCV  
  30  2:56  Starport  
  30  3:01  Orbital Command  
  30  3:02  SCV  
  31  3:06  Marine  
  31  3:07  Marine  
  33  3:17  Cyclone  
  33  3:19  SCV  
  37  3:26  Marine x2  
  38  3:28  SCV  
  38  3:33  SCV  
  38  3:34  Supply Depot  
  40  3:37  Medivac  
  43  3:41  SCV  
  43  3:45  SCV  
  43  3:46  Marine x2  
  46  3:55  Cyclone  
  49  3:57  SCV  
  50  4:03  SCV, Supply Depot  
  50  4:06  Refinery  
  50  4:07  Marine x2  
  53  4:15  SCV  
  54  4:26  Viking  
  54  4:27  Cyclone, SCV  
  60  4:39  SCV  
  60  4:41  SCV  
  60  4:42  Command Center  
  62  4:50  Supply Depot  
  62  4:55  Barracks  
  62  4:59  Starport Tech Lab  
  62  5:01  Factory Tech Lab  
  62  5:04  Barracks  
  62  5:07  Supply Depot  
  62  5:12  SCV x2  
  61  5:23  Marine x2  
  61  5:24  SCV  
  61  5:26  SCV  
  62  5:31  Starport Reactor  
  62  5:33  Factory Tech Lab  
  62  5:36  SCV  
  62  5:38  SCV  
  64  5:46  Engineering Bay  
  64  5:48  SCV, Engineering Bay  
  65  5:51  Barracks, Stimpack  
  65  5:53  SCV, Siege Tank  
  65  5:55  Orbital Command, Barracks  
  69  5:58  Combat Shields  
  69  6:00  Refinery, SCV  
  69  6:04  Marine x2  
  70  6:06  SCV  
  73  6:12  SCV  
  73  6:14  Medivac x2  
  73  6:17  Terran Infantry Weapons Level 1  
  73  6:18  SCV  
  79  6:20  Terran Infantry Armor Level 1  
  79  6:23  Orbital Command  
  79  6:25  SCV  
  80  6:30  SCV  
  80  6:31  Marine x2, Siege Tank  
  80  6:32  Marine x2  
  88  6:37  Supply Depot  
  88  6:39  Supply Depot  
  89  6:40  SCV  
  89  6:43  Barracks Reactor  
  89  6:44  Barracks Reactor  
  90  6:47  SCV  
  90  6:49  SCV  
  90  6:52  Marine  
  90  6:53  SCV  
  93  6:57  Marine  
  93  6:58  Marine  
  93  6:59  Marine, Medivac x2  
  93  7:00  Supply Depot  
  99  7:02  SCV x2  
  99  7:07  SCV  
  102  7:09  Marine  
  102  7:12  Siege Tank  
  102  7:15  Marine  
  107  7:16  Marine x2  
  107  7:21  Refinery  
  107  7:22  SCV, Supply Depot  
  110  7:23  Supply Depot  
  110  7:26  Marine x2  
  110  7:27  Marine  
  110  7:29  SCV  
  111  7:31  SCV  
  111  7:33  Marine, Supply Depot  
  111  7:34  Viking x2, Supply Depot  
  117  7:43  Marine x4  
  121  7:45  Marine  
  121  7:46  Siege Tank  
  121  7:48  Marine  
  121  7:50  SCV, Supply Depot  
  127  7:54  SCV  
  123  7:58  Marine  
  123  7:59  Marine  
  123  8:00  SCV  
  123  8:01  Marine  
  123  8:03  Armory  
  123  8:04  Supply Depot  
  123  8:05  SCV, Supply Depot  
  124  8:16  Marine x2  
  124  8:17  Marine x3  
  124  8:18  Marine x2  
  129  8:23  Marine  
  129  8:24  Siege Tank  
  126  8:28  SCV  
  126  8:33  SCV  
  124  8:34  Marine x3  
  127  8:45  Marine x2  
  129  8:48  Marine  
  129  8:52  Sensor Tower  
  129  8:53  Marine x2  
  129  8:54  Marine x3  
  129  8:55  Medivac x2  
  137  8:57  SCV  
  137  9:03  Marine  
  137  9:04  Supply Depot  
  135  9:11  Marine x2, SCV  
  135  9:13  Marine x2  
  135  9:14  Marine x2, Siege Tank  
  135  9:15  SCV  
  143  9:17  Refinery  
  143  9:18  Marine  
  144  9:28  Marine  
  144  9:29  Marine, Supply Depot  
  146  9:34  Marine  
  146  9:38  Missile Turret  
  147  9:39  Missile Turret  
  147  9:42  Marine  
  147  9:43  Marine  
  149  9:48  Marine x2  
  149  9:49  Siege Tank  
  151  10:00  Marine  
  151  10:02  Marine  
  151  10:03  Medivac x2  
  151  10:04  Marine x2  
  151  10:06  Marine x2  
  155  10:18  Marine  
  155  10:19  Marine  
  156  10:21  Barracks  
  156  10:22  Marine x2  
  156  10:28  Marine  
  159  10:31  Marine  
  159  10:34  Siege Tank  
  163  10:39  Factory  
  163  10:41  Marine x3, Barracks  
  163  10:42  Supply Depot x2  
  165  10:43  Marine  
  165  10:44  Barracks, Supply Depot  
  165  10:46  Marine  
  165  10:49  Marine  
  141  10:50  Command Center  
  130  10:59  Marine x3  
  130  11:01  Marine  
  133  11:12  SCV  
  133  11:13  Sensor Tower  
  133  11:15  SCV  
Tags
 
Add a new tag
Caveats
  • Supply blocks, unpowered buildings, or Contaminate may cause inaccurate times.
  • Supply counts are checked every 10 seconds.